Map: Orbital Shipyard

Players

Epic

  • Race: Terran Terran
  • League: Master

State - Winner!

  • Race: Protoss Protoss
  • League: Master

VOD

Have the link to the VOD?

Description

Time

  • Played on: Feb. 1, 2016, 8:16 p.m.
  • Length: 11:25
Show
View Real Time Build Order
Export as new Build Order

Epic Terran 

Build Orders: Bio Tank 

Get SALT Encoding   

  12  0:01  SCV  
  13  0:13  SCV  
  14  0:18  Supply Depot  
  14  0:25  SCV  
  15  0:39  SCV  
  15  0:40  Barracks  
  16  0:43  Refinery  
  16  0:51  SCV  
  17  1:00  Supply Depot  
  17  1:03  SCV  
  18  1:15  SCV  
  19  1:27  Barracks Reactor  
  19  1:28  Orbital Command  
  19  1:49  Command Center  
  19  1:54  SCV  
  20  2:03  Marine x2  
  22  2:09  Factory  
  22  2:11  SCV  
  23  2:21  Marine x2  
  25  2:24  SCV  
  26  2:36  SCV  
  27  2:38  Marine  
  27  2:39  Marine  
  29  2:48  SCV  
  30  2:52  Factory Tech Lab  
  30  2:56  Marine  
  31  3:00  Marine  
  31  3:01  Orbital Command, SCV  
  33  3:13  SCV  
  33  3:14  Marine  
  33  3:18  Marine  
  36  3:23  Cyclone  
  36  3:26  SCV x2  
  40  3:31  Supply Depot  
  40  3:32  Marine  
  42  3:42  Command Center  
  42  3:44  SCV x2  
  42  3:45  Marine  
  40  4:03  Supply Depot  
  40  4:05  Barracks Reactor  
  40  4:06  SCV x2  
  40  4:09  Refinery  
  42  4:11  Engineering Bay  
  42  4:18  SCV x2  
  42  4:20  Barracks  
  42  4:21  Barracks  
  44  4:25  Cyclone  
  44  4:27  Supply Depot  
  44  4:30  SCV  
  44  4:31  SCV  
  49  4:38  Refinery  
  49  4:40  Marine  
  49  4:41  Marine  
  49  4:43  SCV x2  
  49  4:44  Missile Turret  
  49  4:45  Missile Turret  
  53  4:55  Orbital Command  
  53  4:56  SCV  
  53  4:58  Marine x2  
  53  4:59  SCV  
  57  5:08  Barracks Tech Lab  
  57  5:12  Barracks Tech Lab  
  57  5:13  SCV  
  57  5:14  SCV  
  59  5:16  Supply Depot, Marine x2  
  59  5:18  Refinery  
  59  5:20  Siege Tank  
  64  5:25  SCV  
  64  5:26  SCV  
  66  5:30  Stimpack  
  66  5:32  Starport  
  66  5:34  Orbital Command  
  62  5:46  SCV  
  62  5:48  Terran Infantry Weapons Level 1  
  62  5:49  SCV  
  64  5:50  Marine x4  
  64  5:56  Siege Tank  
  71  6:05  SCV x3  
  71  6:06  Barracks  
  71  6:07  Barracks  
  71  6:09  Starport Reactor  
  71  6:10  Combat Shields  
  74  6:14  Supply Depot  
  74  6:17  SCV x2  
  74  6:18  SCV  
  77  6:21  Marine x2  
  77  6:24  Marine x2  
  81  6:30  SCV x3  
  84  6:34  Supply Depot  
  84  6:36  Siege Tank  
  84  6:37  Supply Depot  
  87  6:43  Marine x4  
  87  6:46  SCV x2  
  93  6:53  Supply Depot  
  93  6:54  Supply Depot  
  93  6:55  Medivac x2, Barracks Reactor, SCV  
  93  6:56  Barracks Reactor  
  93  6:57  Supply Depot  
  99  7:01  Marine x2, SCV x2  
  99  7:08  SCV  
  103  7:09  Marine x2  
  103  7:11  Refinery, Siege Tank  
  108  7:17  Supply Depot  
  108  7:18  SCV x2  
  108  7:19  Marine  
  108  7:20  SCV  
  112  7:28  Marine x3  
  112  7:29  Medivac x2  
  119  7:30  Supply Depot  
  119  7:37  Marine x5  
  119  7:42  Supply Depot  
  119  7:43  Siege Tank  
  119  7:44  Terran Infantry Armor Level 1  
  127  7:45  Marine  
  127  7:46  Marine x2  
  130  7:55  Marine x2, SCV x3  
  128  8:08  Medivac x2  
  128  8:10  Marine x5  
  128  8:12  SCV x3  
  139  8:18  Armory  
  139  8:20  Siege Tank  
  139  8:21  Engineering Bay  
  139  8:24  Marine  
  139  8:25  Marine x2  
  143  8:28  Marine x5  
  143  8:30  Refinery  
  129  8:37  Barracks  
  129  8:38  Barracks  
  129  8:39  Barracks  
  129  8:40  Medivac  
  128  8:42  Medivac, Marine  
  128  8:43  Marine x2  
  128  8:46  Marine x4  
  134  8:52  Marine  
  135  8:57  Siege Tank  
  135  9:00  Marine x3  
  135  9:02  Supply Depot  
  141  9:03  Marine  
  141  9:04  Supply Depot, Marine x3  
  145  9:14  Marine  
  146  9:18  Marine x3  
  146  9:21  Supply Depot  
  146  9:24  Marine x4  
  153  9:33  Marine  
  154  9:40  Command Center  
  154  9:41  Marine x8  
  162  9:47  Siege Tank  
  162  9:52  Medivac x2  
  157  10:00  Marine  
  157  10:01  Marine  
  157  10:05  Marine x2  
  159  10:07  Marine x3  
  159  10:11  Supply Depot  
  162  10:15  Supply Depot  
  162  10:16  Supply Depot  
  162  10:19  Marine  
  162  10:23  Marine x3  
  162  10:25  Siege Tank  
  159  10:32  Medivac x2  
  115  10:38  Marine  
  115  10:39  Marine x7  
  115  10:40  Marine  
  115  10:41  Marine  
  109  10:48  Marine  
  106  10:56  Marine x3  
  106  10:57  Marine x2  
  108  10:59  Marine x4  
  108  11:05  Marine  
  108  11:06  Marine  
Show
View Real Time Build Order
Export as new Build Order

State Protoss - Winner!

Build Orders: 1 Gate Expand, Oracle Opening 

Get SALT Encoding   

  12  0:01  Probe (Chrono Boost)  
  13  0:11  Probe (Chrono Boost)  
  14  0:18  Pylon  
  14  0:22  Probe (Chrono Boost)  
  15  0:36  Probe (Chrono Boost)  
  15  0:40  Gateway  
  16  0:43  Assimilator  
  16  0:47  Probe (Chrono Boost)  
  17  0:57  Probe (Chrono Boost)  
  18  1:08  Probe (Chrono Boost)  
  19  1:20  Nexus  
  19  1:24  Probe (Chrono Boost)  
  20  1:35  Cybernetics Core  
  20  1:36  Probe (Chrono Boost)  
  21  1:42  Assimilator  
  21  1:47  Probe (Chrono Boost)  
  21  1:53  Pylon  
  22  1:58  Probe (Chrono Boost)  
  23  2:12  Adept (Chrono Boost)  
  23  2:13  Mothership Core (Chrono Boost)  
  23  2:14  Warp Gate  
  27  2:20  Pylon  
  27  2:31  Probe x2 (Chrono Boost)  
  29  2:39  Adept (Chrono Boost)  
  29  2:41  Probe  
  29  2:42  Probe  
  33  2:47  Stargate  
  33  2:52  Probe (Chrono Boost)  
  33  2:54  Probe (Chrono Boost)  
  35  3:03  Probe (Chrono Boost)  
  35  3:05  Probe (Chrono Boost)  
  37  3:10  Pylon  
  37  3:11  Pylon  
  37  3:14  Pylon  
  37  3:21  Probe (Chrono Boost)  
  37  3:23  Probe (Chrono Boost)  
  39  3:31  Oracle (Chrono Boost)  
  39  3:32  Probe x2  
  44  3:39  Robotics Facility  
  44  3:43  Probe  
  44  3:44  Probe  
  46  3:54  Probe  
  47  3:56  Probe  
  47  3:59  Gateway  
  47  4:01  Gateway  
  46  4:03  Oracle (Chrono Boost)  
  46  4:07  Assimilator  
  46  4:09  Probe  
  50  4:11  Probe  
  50  4:13  Assimilator  
  50  4:14  Pylon  
  51  4:18  Pylon  
  51  4:21  Probe  
  51  4:22  Probe  
  53  4:32  Immortal (Chrono Boost)  
  53  4:33  Probe  
  53  4:35  Probe  
  59  4:38  Pylon  
  59  4:40  Oracle  
  63  4:50  Pylon  
  64  4:56  Adept  
  64  4:57  Adept  
  66  5:01  Twilight Council  
  66  5:07  Nexus  
  66  5:09  Observer (Chrono Boost)  
  66  5:13  Probe (Chrono Boost)  
  69  5:14  Probe (Chrono Boost)  
  69  5:20  Phoenix  
  71  5:24  Probe (Chrono Boost)  
  71  5:27  Probe (Chrono Boost)  
  73  5:34  Probe (Chrono Boost)  
  71  5:39  Probe (Chrono Boost)  
  71  5:41  Immortal  
  69  5:45  Probe (Chrono Boost)  
  75  5:50  Probe (Chrono Boost)  
  75  5:52  Pylon  
  75  5:55  Probe (Chrono Boost)  
  75  5:56  Blink (Chrono Boost)  
  76  6:00  Forge x2  
  76  6:01  Probe  
  77  6:04  Sentry x2  
  77  6:05  Adept  
  77  6:07  Probe  
  77  6:11  Pylon  
  84  6:13  Pylon, Probe  
  84  6:18  Observer, Probe  
  85  6:19  Probe  
  85  6:24  Assimilator  
  88  6:25  Probe  
  88  6:28  Sentry  
  88  6:29  Assimilator  
  88  6:30  Probe  
  88  6:31  Probe  
  93  6:35  Protoss Ground Armor Level 1 (Chrono Boost), Protoss Ground Weapons Level 1 (Chrono Boost)  
  93  6:37  Probe  
  93  6:39  Pylon  
  94  6:40  Immortal  
  94  6:42  Probe  
  94  6:43  Probe  
  100  6:50  Probe  
  102  6:54  Probe  
  102  6:55  Probe  
  102  6:59  Stalker x3  
  109  7:02  Probe  
  109  7:06  Probe  
  109  7:07  Pylon  
  109  7:08  Pylon, Probe  
  112  7:12  Gateway x2  
  112  7:16  Immortal, Templar Archives  
  112  7:20  Gateway  
  116  7:26  Gateway  
  116  7:27  Gateway  
  116  7:46  Gateway  
  116  7:47  Gateway  
  114  7:57  Stalker x3  
  118  8:05  Nexus  
  116  8:06  Nexus  
  116  8:09  Pylon  
  108  8:14  Stalker x2  
  108  8:15  Immortal  
  108  8:17  Protoss Ground Weapons Level 2 (Chrono Boost), Protoss Ground Armor Level 2 (Chrono Boost)  
  108  8:19  Stalker  
  118  8:21  Stalker  
  118  8:22  Stalker x2  
  122  8:34  Psionic Storm  
  122  8:38  Charge  
  122  8:46  Nexus  
  122  8:51  Pylon  
  122  8:52  Pylon  
  122  8:54  Pylon  
  122  8:56  Zealot x7  
  122  9:02  Immortal  
  136  9:07  High Templar  
  142  9:15  Gateway  
  142  9:16  Gateway  
  142  9:18  Pylon  
  142  9:22  High Templar x3  
  145  9:38  Zealot x6  
  160  9:45  Immortal  
  160  9:49  Pylon  
  160  9:52  Pylon  
  160  9:57  Zealot x4  
  166  10:00  Zealot x4  
  172  10:07  Pylon  
  172  10:11  High Templar x2  
  176  10:19  Archon  
  176  10:25  Zealot x5  
  157  10:43  Stalker x5  
  167  10:50  Probe x4  
  167  10:52  Assimilator  
  167  10:53  Assimilator  
  169  11:02  Probe x2  
  169  11:03  Probe  
  164  11:08  Archon  
  164  11:10  Probe  
  150  11:16  High Templar x4  
  150  11:17  Zealot x6  
Tags
 
Add a new tag
Caveats
  • Supply blocks, unpowered buildings, or Contaminate may cause inaccurate times.
  • Supply counts are checked every 10 seconds.